 Dungeon Crawl Stone Soup version 0.27.0-1-g7a089689b8 (webtiles) character file.

Game seed: 1391054251648345995

49 Malachi the Cutter (level 4, -5/28 HPs)
             Began as a Kobold Berserker on Aug 15, 2021.
             Was a Believer of Trog.
             Killed by nerve-wracking pain
             ... invoked by an orc priest
              (9 damage)
             ... on level 3 of the Dungeon.
             The game lasted 00:02:21 (2772 turns).

Malachi the Cutter (Kobold Berserker)               Turns: 2772, Time: 00:02:21

Health: -5/28      AC:  5    Str: 14    XL:     4   Next: 1%
Magic:  4/4        EV: 15    Int:  8    God:    Trog [**....]
Gold:   85         SH:  0    Dex: 15    Spells: 3/3 levels left

rFire    . . .     SeeInvis .   h - +1 dagger (freeze)
rCold    . . .     Faith    .   (shield restricted)
rNeg     . . .     Spirit   .   b - +0 animal skin
rPois    .         Reflect  .   (no helmet)
rElec    .         Harm     .   g - +2 cloak
rCorr    .         Rampage  .   (no gloves)
Will     .....                  (no boots)
Stlth    +++.......             (no amulet)
HPRegen  0.09/turn              (no ring)
MPRegen  0.09/turn              (no ring)

@: on berserk cooldown, slowed, very slow
A: small, no large weapons, nightstalker 3
a: Renounce Religion, Berserk, Trog's Hand


You were on level 3 of the Dungeon.
You worshipped Trog.
Trog was pleased with you.
You visited 1 branch of the dungeon, and saw 3 of its levels.

You collected 85 gold pieces.

Inventory:

Hand Weapons
 a - a +0 short sword
 h - a +1 dagger of freezing (weapon)
Armour
 b - a +0 animal skin (worn)
 g - a +2 cloak (worn)
Wands
 i - a wand of flame (18)
Scrolls
 d - a scroll of identify
 e - a scroll of teleportation
 f - a scroll of amnesia {unknown}
Potions
 c - a potion of curing {unknown}
 k - a potion of invisibility


   Skills:
 - Level 3.4 Fighting
 * Level 5.1 Short Blades
 - Level 1.5 Armour
 - Level 2.4 Dodging
 * Level 3.0 Stealth


You had 3 spell levels left.
You didn't know any spells.
Your spell library was empty.

Dungeon Overview and Level Annotations

Branches:
Dungeon (3/15)

Altars:

Shops:
D:3 *

Annotations:
D:3 1 transporter


Innate Abilities, Weirdness & Mutations

You are small and have problems with some larger weapons.
You are completely attuned to the shadows.


Message History

Found a transporter.
No target in view!
No target in view!
A rat comes into view.
There is a transporter here.
You enter the transporter and appear at another place.
i - a wand of flame (18)
You open the door.
There is an open door here.
An orc priest comes into view. It is wielding a +0 trident.
Found 6 gold pieces.
A shadow imp comes into view.
The orc priest shouts! x2
The orc priest miscasts a cantrip.
The orc priest mumbles some strange prayers to Beogh against you.
Beogh smites you!
A shadow imp comes into view.
The shadow imp shouts, "Slither hence, thou twisted tickle-brained prigger-of-prances!"
A red film seems to cover your vision as you go berserk!
You feel yourself moving faster!
You feel mighty!
You enter the shallow water.
Moving in this stuff is going to be slow.
You feel a strong urge to attack something.
The orc priest mumbles some strange prayers to Beogh against you.
Pain shoots through your body!
The orc priest hits you from afar with a +0 trident.
The orc priest hits you from afar with a +0 trident.
The orc priest misses you.
You feel your anger nearly subside.
You are no longer berserk.
You are exhausted.
You feel yourself slow down.
The orc priest mumbles some strange prayers to Beogh against you.
Pain shoots through your body!
* * * LOW HITPOINT WARNING * * *
Found a glowing long sword.
The orc priest barely misses you.
Found 6 gold pieces.
Found a transporter.
The orc priest calls down the wrath of Beogh upon you.
Pain shoots through your body!
You die...

r#..#P.....P#..##.#.##.
#..####'####.
#.≈...≈.#. #.≈...≈.#.
#.≈P≈≈≈o#. #.≈≈⌠≈≈.#$
#.≈P≈≈≈.#. #.≈...≈o#.
#5≈.@.≈5#. ####+####.
#≈..)..≈#. #8P$©$P8#.
#### ####


You could see 2 orc priests and 2 shadow imps.

Vanquished Creatures
  A dart slug (D:1)
  3 endoplasms
  3 giant cockroaches
  2 goblins
  3 hobgoblins
  5 jackals
  3 kobolds
  5 quokkas
  3 ball pythons
  4 bats
  3 frilled lizards
  7 rats
42 creatures vanquished.

Notes
Turn   | Place    | Note
-------+----------+-------------------------------------------
     0 | D:1      | Malachi the Kobold Berserker began the quest for the Orb.
     0 | D:1      | Reached XP level 1. HP: 14/14 MP: 1/1
   563 | D:1      | Reached XP level 2. HP: 19/19 MP: 2/2
   568 | D:1      | Reached skill level 1 in Stealth
   803 | D:1      | Found a faded altar of an unknown god.
  1179 | D:1      | Reached XP level 3. HP: 23/23 MP: 3/3
  1659 | D:2      | Reached skill level 5 in Short Blades
  2353 | D:2      | Reached ** piety under Trog
  2700 | D:3      | Found Rafef's Assorted Antiques.
  2719 | D:3      | Reached XP level 4. HP: 28/28 MP: 4/4
  2741 | D:3      | Found a transporter.
  2771 | D:3      | Found a transporter.
  2772 | D:3      | Killed from afar by an orc priest

Illustrated notes

Levels and vault maps discovered:
D:1:      amcnicky_arrival_blooded_trapdoor, layout_loops_corners,
          ebering_ecumenical_altar_petrified
D:2:      layout_loops_cross
D:3:      gammafunk_wand_slinger, layout_basic, serial_shops, shop,
          grunt_ministairs_6, hex_medium

Skill      XL: |  1  2  3  4 |
---------------+-------------+-----
Stealth        | 1 2 3 |  3.0
Short Blades   | 5 |  5.1
Fighting       | |  3.4
Armour         | |  1.5
Dodging        | |  2.4

Action                   |  1- 3 |  4- 6 || total
-------------------------+-------+-------++-------
Melee: Short sword       |    63 |       ||    63
       Dagger            |    39 |     1 ||    40
Invok: Berserk           |       |     1 ||     1
  Use: Scroll            |     5 |       ||     5
       Potion            |     3 |       ||     3
 Stab: Sleeping          |    22 |     1 ||    23
Armor: Animal skin       |    10 |       ||    10
Dodge: Dodged            |    46 |     2 ||    48
